 Dungeon Crawl Stone Soup version 0.21-a0-110-g8e1637b (webtiles) character file.

216744 Lianjan the Archer (level 19, -10/175 HPs)
             Began as a Naga Transmuter on July 9, 2017.
             Was a High Priest of Cheibriados.
             Killed from afar by an ice dragon (33 damage)
             ... with a blast of cold
             ... on level 1 of the Vaults.
             The game lasted 02:09:17 (44358 turns).

Lianjan the Archer (Naga Transmuter)               Turns: 44358, Time: 02:09:17

Health: -10/175    AC: 23    Str: 26    XL:     19   Next: 6%
Magic:  18/27      EV: 16    Int: 35    God:    Cheibriados [*****.]
Gold:   251        SH:  0    Dex: 26    Spells: 2/27 levels left

rFire    + . .     SeeInvis +     - Unarmed
rCold    . . .     Gourm    +   (shield currently unavailable)
rNeg     . . .     Faith    .   g - +0 troll leather armour
rPois    +         Spirit   .   Q - +1 helmet
rElec    .         Reflect  .   t - +2 cloak
rCorr    .         Harm     .   (gloves currently unavailable)
MR       +++..                  z - +2 naga barding {rF+}
Stlth    ++........             s - amulet of the gourmand
HPRegen  0.79/turn              N - ring of wizardry
MPRegen  0.20/turn              k - ring of protection from magic

@: blade hands, very slow
A: see invisible, clever 1, deformed body, poison resistance, slowness 2, slow
metabolism 1, spit poison 1, wild magic 1, constrict 1, AC +6
}: 1/15 runes: gossamer
a: Spit Poison, End Transformation, Bend Time, Temporal Distortion, Slouch, Step
From Time, Renounce Religion


You were on level 1 of the Vaults.
You worshipped Cheibriados.
Cheibriados was extremely pleased with you.
You were very full.
You had blades for hands.
You visited 7 branches of the dungeon, and saw 31 of its levels.

You collected 2696 gold pieces.
You spent 2445 gold pieces at shops.

Inventory:

Hand Weapons
 a - a +2 longbow
Missiles
 I - 494 arrows
Armour
 g - a +0 troll leather armour (worn)
 t - a +2 cloak (worn)
 z - a +2 naga barding of fire resistance (worn)
 E - a +2 pair of gloves (melded)
 Q - a +1 helmet (worn)
Jewellery
 k - a ring of protection from magic (right scythe-like blade)
 s - an amulet of the gourmand (around neck)
 D - an uncursed ring of protection from fire
 F - an uncursed ring of resist corrosion
 J - a +2 ring of protection
 N - a ring of wizardry (left scythe-like blade)
 S - an uncursed ring of protection from cold
 V - an uncursed ring of flight
Wands
 c - a wand of paralysis (4/24)
 j - a wand of digging (15/24)
 X - a wand of scattershot (5/9)
 Z - a wand of acid (6/15)
Scrolls
 b - 9 scrolls of teleportation
 e - 4 scrolls of blinking
 f - 6 scrolls of immolation
 l - 2 scrolls of fog
 r - 9 scrolls of remove curse
 B - 5 scrolls of recharging
 C - 9 scrolls of identify
 L - a scroll of summoning
 T - 2 scrolls of fear
Potions
 o - 4 potions of brilliance
 v - 3 potions of mutation
 w - a potion of magic
 x - 4 potions of lignification
 y - a potion of heal wounds
 A - 4 potions of cancellation
 G - 4 potions of flight
 H - 3 potions of ambrosia
 K - a potion of might
 M - 5 potions of curing
 R - 5 potions of agility
 W - 2 potions of invisibility
Miscellaneous
 m - a fan of gales
 n - a sack of spiders
 P - a phantom mirror
Comestibles
 d - 10 bread rations
 h - 16 meat rations
 i - 25 fruits
 q - 20 royal jellies


   Skills:
 - Level 12.1 Fighting
 + Level 14.9 Bows
 + Level 8.4 Armour
 - Level 9.0 Dodging
 - Level 12.6 Unarmed Combat
 - Level 4.9 Spellcasting
 * Level 9.2 Charms
 - Level 11.4 Transmutations
 - Level 9.2 Earth Magic
   Level 4.0 Poison Magic
 - Level 11.0 Invocations


You had 2 spell levels left.
You knew the following spells:

 Your Spells              Type           Power        Failure   Level  Hunger
a - Deflect Missiles      Chrm/Air       ######....   77%         6    ######.
b - Sticks to Snakes      Tmut           #######.     4%          2    None
c - Passage of Golubria   Tloc           N/A          56%         4    ###....
d - Blade Hands           Tmut           #######...   9%          5    #####..
e - Statue Form           Tmut/Erth      #######..    26%         6    ######.
g - Passwall              Tmut/Erth      #######...   4%          2    None


Dungeon Overview and Level Annotations

Branches:
Dungeon (15/15)            Temple (1/1) D:7            Lair (6/6) D:8
 Shoals (2/4) Lair:2       Spider (4/4) Lair:4        Slime (0/5) Lair:5
    Orc (2/2) D:10            Elf (0/3) Orc:2        Vaults (1/5) D:14
 Depths (0/5) D:15

Altars:
Ashenzari
Cheibriados
Dithmenos
Elyvilon
Fedhas
Gozag
Hepliaklqana
Kikubaaqudgha
Makhleb
Nemelex Xobeh
Okawaru
Qazlal
Ru
Sif Muna
Trog
Uskayaw
Vehumet
Wu Jian
Xom
Yredelemnul
Zin
The Shining One
Beogh
Jiyva

Shops:
D:10 %   D:15 (   Orc:2 :[?::   Vaults:1 [


Innate Abilities, Weirdness & Mutations

You cannot wear boots.
Your serpentine skin is tough. (AC +6)
You have supernaturally acute eyesight. (SInv)
Armour fits poorly on your strangely shaped body.
Your system is resistant to poisons. (rPois)
You cover ground very slowly.
You have a slow metabolism.
You can spit poison.
You can use your snake-like lower body to constrict enemies.
Your mind is acute. (Int +2)
Your spells are a little harder to cast, but a little more powerful.


Message History

You kill the ettin!
Cheibriados thoroughly appreciates the change of pace.
You feel somewhat less full.
Cheibriados lowers the support of your attributes as your movement quickens.
The ice dragon breathes frost at you. The blast of cold hits you!
* * * LOW HITPOINT WARNING * * *
The yaktaur shoots a bolt.
The bolt hits you!
* * * LOW HITPOINT WARNING * * *
You completely miss the ice dragon.
The ice dragon is moderately wounded.
The ice dragon bites you but does no damage.
The ice dragon completely misses you. x2
You slice the ice dragon!!
The ice dragon is heavily wounded.
The yaktaur shoots a bolt.
The bolt hits you!
* * * LOW HITPOINT WARNING * * *
The ice dragon breathes frost at you. The blast of cold hits you!
You die...

..#####'##....#......#...........
..#...∩))#....#......#....#######
..#....).#....#......#....#......
..#......#....#......#....#......
..#......#....#......#....#.....)
..#......#....#......#....#.....(
..#......#....#......#....#......
?.#......#....#..D...#....#(.....
..#......#....#.@)...#....####'##
..#......#....#......#>..........
..########....#####''#...........
.................................
.................................
....####'###...........c.........
....#......#.....................
....#......#.....................
....#......#..#############......


You could see an ice dragon and a yaktaur.

Vanquished Creatures
  Arachne (Spider:2)
  Jorgrun (Vaults:1)
  A kraken (Shoals:1)
  Frances (Spider:1)
  A vault warden (Vaults:1)
  3 ghost moths
  An orc warlord (Orc:1)
  10 emperor scorpions
  4 ironheart preservers (Vaults:1)
  An entropy weaver (Spider:4)
  3 spark wasps
  A merfolk javelineer (Shoals:2)
  2 ettins
  A great orb of eyes (Vaults:1)
  3 ogre magi
  The ghost of NOFUNALLOWED the Basher, a journeyman CeCK of Xom (Lair:1)
  3 merfolk impalers
  Fannar (Lair:3)
  7 vault guards
  7 hydras
  A merfolk avatar (Shoals:2)
  24 two-headed ogres
  5 centaur warriors
  6 death yaks (Lair:6)
  A deep troll shaman (Vaults:1)
  Nergalle (Orc:1)
  A deep elf knight (Vaults:1)
  Sonja (D:12)
  An unseen horror (D:14)
  3 sea snakes
  2 deep trolls (Vaults:1)
  6 deep elf archers
  Pikel (D:3)
  2 wizards
  An ironbrand convoker (Vaults:1)
  A sea snake (shapeshifter) (Vaults:1)
  A lindwurm (Lair:6)
  4 orc knights
  12 orc sorcerers
  19 orb spiders
  13 harpies (Shoals:1)
  A wolf spider zombie (D:14)
  3 deep elf magi
  19 wolf spiders
  8 cyclopes
  4 manticores
  A faun (Shoals:2)
  16 ugly things
  3 moths of wrath
  Maurice (D:12)
  Joseph (D:8)
  3 merfolk sirens
  A guardian serpent (shapeshifter) (Vaults:1)
  2 centaur zombies
  7 elephants
  A water nymph (Shoals:2)
  7 black mambas
  2 vault sentinels (Vaults:1)
  A gargoyle (D:15)
  12 spiny frogs
  A freezing wraith (D:14)
  A kobold demonologist (D:12)
  5 rime drakes
  8 komodo dragons
  2 efreet (D:15)
  2 ice devils (Orc:1)
  6 yaktaurs
  5 trolls
  11 demonic crawlers
  11 merfolk
  4 wind drakes
  A queen bee (Lair:3)
  5 polar bears (Lair:6)
  25 jumping spiders
  3 dream sheep (Shoals:1)
  7 hornets
  19 hippogriffs
  6 blink frogs
  18 slime creatures
  5 snapping turtles
  3 water elementals
  A centaur simulacrum (D:14)
  Sigmund (D:2)
  5 wraiths
  33 tarantellas
  6 basilisks
  78 redbacks
  50 yaks
  15 spriggans
  Eustachio (D:4)
  5 wyverns
  2 steam dragons
  2 vampires
  A hungry ghost (D:13)
  Menkaure (D:7)
  2 wargs
  2 acid dragons (D:13)
  A soldier ant (D:15)
  19 water moccasins
  11 porcupines
  A phantom (D:5)
  38 orc warriors
  10 sky beasts
  5 ice beasts
  2 black bears (Lair:6)
  An eye of draining (D:14)
  18 ogres
  A necrophage (D:9)
  9 boggarts
  35 wolves
  11 centaurs
  8 crocodiles
  The ghost of sscrono2 the Sneak, an amateur OpAs (D:3)
  An orc skeleton (Vaults:1)
  10 big kobolds
  26 bullfrogs
  A wyvern zombie (D:14)
  A water moccasin zombie (D:7)
  2 wyvern skeletons
  5 scorpions
  A human simulacrum (Vaults:1)
  43 killer bees
  7 wights
  6 howler monkeys
  3 crimson imps
  A bullfrog zombie (D:13)
  9 jellies
  2 quasits
  7 hounds
  22 orc priests
  4 centaur skeletons
  5 iguanas
  4 bullfrog skeletons
  43 orc wizards
  20 worker ants
  A hound skeleton (D:5)
  A howler monkey zombie (D:9)
  2 worker ant zombies
  15 adders
  6 shadow imps
  6 oozes
  2 adder zombies
  An adder skeleton (D:5)
  2 worms
  2 dart slugs
  8 leopard geckos
  93 orcs
  13 bats
  7 giant cockroaches
  2 goblins (D:2)
  7 hobgoblins
  14 jackals
  6 quokkas
  2 ball pythons
  6 frilled lizards
  A jackal zombie (D:8)
  36 kobolds
  A leopard gecko skeleton (D:5)
  A quokka zombie (D:7)
  4 rats
  4 bushes (Lair:4)
  A plant (Lair:6)
  4 tentacles (Shoals:1)
1247 creatures vanquished.

Vanquished Creatures (collateral kills)
  A jumping spider (Spider:1)
  An adder (D:2)
  A bat (D:3)
  A frilled lizard (D:3)
  A rat (D:3)
5 creatures vanquished.

Vanquished Creatures (others)
  2 adders (D:4)
  A leopard gecko (D:4)
  2 jackals (D:8)
  A bush (Lair:4)
  24 fungi
  10 plants
  4 tentacles (Shoals:1)
  7 toadstools (D:8)
51 creatures vanquished.

Grand Total: 1303 creatures vanquished

Notes
Turn   | Place    | Note
-------+----------+-------------------------------------------
     0 | D:1      | Lianjan the Naga Transmuter began the quest for the Orb.
     0 | D:1      | Reached XP level 1. HP: 18/18 MP: 3/3
   668 | D:1      | Reached XP level 2. HP: 22/25 MP: 3/5
  1643 | D:1      | Learned a level 2 spell: Sticks to Snakes
  1705 | D:2      | Noticed Sigmund
  1745 | D:1      | Reached XP level 3. HP: 13/31 MP: 3/6
  1750 | D:1      | Learned a level 3 spell: Spider Form
  1982 | D:2      | HP: 1/31 [Sigmund/puff of flame (10)]
  1983 | D:2      | Killed Sigmund
  1983 | D:2      | Reached XP level 4. HP: 1/39 MP: 1/7
  1983 | D:2      | Reached XP level 5. HP: 2/45 MP: 1/8
  2379 | D:2      | Found a basalt altar of Yredelemnul.
  2411 | D:2      | Found a bloodstained altar of Trog.
  2842 | D:2      | Reached skill level 1 in Poison Magic
  2843 | D:2      | Reached XP level 6. HP: 43/55 MP: 7/9
  2851 | D:2      | Found an ancient bone altar of Kikubaaqudgha.
  3162 | D:3      | Noticed sscrono2's ghost (amateur OpAs)
  3182 | D:3      | Gained mutation: Your mind is acute. (Int +2) [potion of mutation]
  3182 | D:3      | Gained mutation: Your spells are a little harder to cast, but a little more powerful. [potion of mutation]
  3186 | D:3      | Killed sscrono2's ghost
  3186 | D:3      | Reached skill level 5 in Unarmed Combat
  4020 | D:4      | Noticed a slave
  4023 | D:4      | Noticed a slave
  4023 | D:4      | Noticed a slave
  4024 | D:4      | Noticed Pikel
  4025 | D:4      | Noticed a slave
  4048 | D:3      | Killed Pikel
  4048 | D:3      | Reached skill level 5 in Transmutations
  4048 | D:3      | Reached XP level 7. HP: 12/63 MP: 8/10
  4048 | D:3      | Reached XP level 8. HP: 14/72 MP: 8/11
  4416 | D:3      | Learned a level 5 spell: Blade Hands
  4705 | D:4      | Noticed Eustachio
  4724 | D:4      | Killed Eustachio
  4800 | D:4      | Found an opulent altar of Gozag.
  5067 | D:5      | Entered Level 5 of the Dungeon
  5420 | D:5      | Found a hazy altar of Hepliaklqana.
  5672 | D:5      | Reached XP level 9. HP: 51/79 MP: 10/12
  6063 | D:5      | Reached skill level 5 in Fighting
  6210 | D:5      | Identified a scroll of acquirement
  6549 | D:6      | Found a sacrificial altar of Ru.
  8300 | D:6      | Found a stormy altar of Qazlal.
  8814 | D:7      | Reached XP level 10. HP: 85/91 MP: 9/13
  8904 | D:7      | Noticed Menkaure
  8909 | D:7      | Killed Menkaure
  9694 | D:7      | Found a staircase to the Ecumenical Temple.
  9722 | Temple   | Entered the Ecumenical Temple
  9909 | Temple   | Became a worshipper of Cheibriados the Contemplative
 10516 | D:8      | Noticed Joseph
 10519 | D:8      | Found a deep blue altar of Sif Muna.
 10519 | D:8      | Found a white marble altar of Elyvilon.
 10608 | D:8      | Reached * piety under Cheibriados
 10791 | D:8      | Killed Joseph
 10791 | D:8      | Reached skill level 1 in Bows
 10798 | D:8      | Reached skill level 10 in Transmutations
 10870 | D:8      | Reached skill level 1 in Invocations
 11117 | D:8      | Reached skill level 2 in Bows
 11126 | D:8      | Noticed a two-headed ogre
 11141 | D:8      | Killed a two-headed ogre
 11141 | D:8      | Reached skill level 5 in Dodging
 11141 | D:8      | Reached XP level 11. HP: 93/100 MP: 2/14
 11266 | D:8      | Reached skill level 3 in Bows
 11274 | D:8      | Reached ** piety under Cheibriados
 11394 | D:8      | Found a staircase to the Lair.
 11695 | D:8      | Found a hide-covered altar of Uskayaw.
 11874 | D:8      | Found a radiant altar of Vehumet.
 12235 | D:9      | Found an iron altar of Okawaru.
 12439 | D:9      | Found a burning altar of Makhleb.
 12443 | D:9      | Found a glowing silver altar of Zin.
 12443 | D:9      | Noticed an Executioner
 12443 | D:9      | Noticed an angel
 12620 | D:9      | Found a shadowy altar of Dithmenos.
 12871 | D:9      | Reached *** piety under Cheibriados
 12938 | D:10     | Entered Level 10 of the Dungeon
 12960 | D:10     | Found an opulent altar of Gozag.
 12961 | D:10     | Noticed a two-headed ogre
 12967 | D:10     | Killed a two-headed ogre
 12967 | D:10     | Reached skill level 4 in Bows
 13041 | D:10     | Found Rekhiel's Food Emporium.
 13283 | D:10     | Noticed a two-headed ogre
 13291 | D:10     | Killed a two-headed ogre
 13354 | D:10     | Found a staircase to the Orcish Mines.
 13532 | D:11     | Reached **** piety under Cheibriados
 13644 | D:11     | Reached skill level 5 in Bows
 13921 | D:11     | Noticed a manticore
 13934 | D:11     | Killed a manticore
 13936 | D:11     | Noticed a two-headed ogre
 13942 | D:11     | Killed a two-headed ogre
 14266 | D:11     | You fall through a shaft!
 14282 | D:12     | Reached XP level 12. HP: 72/110 MP: 10/15
 14330 | D:12     | Learned a level 4 spell: Ice Form
 14436 | D:12     | Reached skill level 6 in Bows
 14699 | D:12     | Reached ***** piety under Cheibriados
 15279 | D:12     | Noticed Sonja
 15285 | D:12     | Killed Sonja
 15285 | D:12     | Reached skill level 5 in Invocations
 15443 | D:12     | Reached skill level 7 in Bows
 15517 | D:12     | Noticed a two-headed ogre
 15517 | D:12     | Noticed a two-headed ogre
 15524 | D:12     | Killed a two-headed ogre
 15526 | D:12     | Killed a two-headed ogre
 15649 | D:12     | Noticed Maurice
 15658 | D:12     | Killed Maurice
 15965 | D:11     | Noticed a two-headed ogre
 15973 | D:11     | Killed a two-headed ogre
 16368 | D:11     | Reached skill level 10 in Unarmed Combat
 16457 | Lair:1   | Entered Level 1 of the Lair of Beasts
 16498 | Lair:1   | Noticed NOFUNALLOWED's ghost (journeyman CeCK)
 16510 | Lair:1   | Killed NOFUNALLOWED's ghost
 16510 | Lair:1   | Reached skill level 8 in Bows
 16527 | Lair:1   | Reached ****** piety under Cheibriados
 16528 | Lair:1   | Gained mutation: You can use your snake-like lower body to constrict enemies. [Naga growth]
 16528 | Lair:1   | Reached XP level 13. HP: 107/121 MP: 15/17
 16550 | Lair:1   | Found a bloodstained altar of Trog.
 18002 | Lair:2   | Reached skill level 9 in Bows
 18214 | Lair:2   | Found a staircase to the Shoals.
 18595 | Lair:3   | Reached skill level 10 in Fighting
 19587 | Lair:3   | Noticed Fannar
 19593 | Lair:3   | Killed Fannar
 19593 | Lair:3   | Reached XP level 14. HP: 124/132 MP: 19/19
 19627 | Lair:3   | Reached skill level 10 in Bows
 21116 | Lair:4   | Found a hole to the Spider Nest.
 21609 | Lair:5   | Found a staircase to the Slime Pits.
 21611 | Lair:5   | Found a viscous altar of Jiyva.
 21924 | Lair:5   | You fall through a shaft!
 21924 | Lair:6   | Entered Level 6 of the Lair of Beasts
 22254 | Lair:6   | Reached skill level 11 in Bows
 23122 | Lair:6   | Reached XP level 15. HP: 134/141 MP: 15/21
 24733 | Orc:1    | Entered Level 1 of the Orcish Mines
 24752 | Orc:1    | Noticed an orc warlord
 24772 | Orc:1    | Killed an orc warlord
 24952 | Orc:2    | Entered Level 2 of the Orcish Mines
 25071 | Orc:2    | Found Mier's Book Boutique.
 25406 | Orc:2    | Found Xoypp's Antique Armour Shoppe.
 25438 | Orc:2    | Found an ancient bone altar of Kikubaaqudgha.
 25545 | Orc:2    | Found a radiant altar of Vehumet.
 25609 | Orc:2    | Found a roughly hewn altar of Beogh.
 25609 | Orc:2    | Found Vinues Rouh's Magic Scroll Shoppe.
 25999 | Orc:2    | Found a staircase to the Elven Halls.
 26066 | Orc:2    | Found Idaloo Pobau's Book Emporium.
 26119 | Orc:2    | Found Inygehem's Book Emporium.
 26564 | Orc:1    | Noticed Nergalle
 26569 | Orc:1    | Killed Nergalle
 27226 | Spider:1 | Entered Level 1 of the Spider Nest
 27556 | Spider:1 | Noticed Frances
 27568 | Spider:1 | Killed Frances
 27568 | Spider:1 | Reached skill level 12 in Bows
 27583 | Spider:1 | Reached skill level 1 in Armour
 27765 | Spider:1 | Learned a level 6 spell: Statue Form
 27933 | Spider:1 | Reached skill level 1 in Earth Magic
 28860 | Spider:1 | Noticed an emperor scorpion
 28870 | Spider:1 | Killed an emperor scorpion
 28895 | Spider:1 | Reached XP level 16. HP: 144/151 MP: 23/23
 29654 | Spider:1 | Reached skill level 5 in Earth Magic
 30825 | Spider:2 | Noticed Arachne
 30840 | Spider:2 | Killed Arachne
 32939 | Spider:3 | Learned a level 2 spell: Passwall
 33417 | Spider:4 | Entered Level 4 of the Spider Nest
 33436 | Spider:4 | Reached skill level 10 in Invocations
 33921 | Spider:4 | Reached skill level 5 in Armour
 34796 | Spider:4 | Reached skill level 13 in Bows
 34796 | Spider:4 | Reached XP level 17. HP: 43/157 MP: 19/24
 35786 | Spider:4 | Got a gossamer rune of Zot
 36373 | Orc:2    | Bought a book of Debilitation for 520 gold pieces
 36449 | Orc:2    | Bought a book of Burglary for 1275 gold pieces
 36725 | Shoals:1 | Entered Level 1 of the Shoals
 37612 | Shoals:1 | Noticed a kraken
 37635 | Shoals:1 | Killed a kraken
 38735 | Orc:2    | Bought a book of Enchantments for 650 gold pieces
 38842 | Lair:1   | Learned a level 6 spell: Deflect Missiles
 38847 | Lair:1   | Learned a level 4 spell: Passage of Golubria
 39127 | D:13     | Reached skill level 1 in Charms
 39716 | D:14     | Found a gate to the Vaults.
 39735 | D:14     | Reached XP level 18. HP: 156/168 MP: 23/26
 40004 | D:14     | Reached skill level 14 in Bows
 40415 | D:15     | Entered Level 15 of the Dungeon
 40666 | D:15     | Reached skill level 5 in Charms
 41424 | D:15     | Found a staircase to the Depths.
 41566 | D:15     | Found Saiddipi's Antique Weapon Shop.
 41862 | Vaults:1 | Entered Level 1 of the Vaults
 42426 | Vaults:1 | Noticed Jorgrun
 42431 | Vaults:1 | Killed Jorgrun
 42838 | Vaults:1 | Found Tuud's Armour Boutique.
 44138 | Vaults:1 | Reached XP level 19. HP: 175/175 MP: 27/27
 44358 | Vaults:1 | Killed from afar by an ice dragon

Vault maps used:
D:1:      dpeg_cavernosity, serial_curves, eino_curves_03, eino_curves_02,
          eino_curves_02
D:2:      marbit_many_paths, lemuel_doored_altar, old_standard_altar,
          first_bread, uniq_sigmund
D:3:      minmay_quantized
D:4:      old_standard_altar, uniq_pikel, uniq_eustachio
D:5:      kennysheep_mini_moat
D:6:      basic_altar, nicolae_ru_great_annihilating_truth
D:7:      temple_statues, the_bakery, uniq_menkaure
D:8:      cheibrodos_fertilizer, nicolae_overflow_crystal_walls,
          old_standard_altar, gammafunk_temple_overflow_wave, dpeg_oklobed_lair,
          lemuel_old_faithful, uniq_joseph
D:9:      grunt_temple_overflow_order_and_chaos_2,
          grunt_dithmenos_smoke_and_mirrors, okawaru_metal_pillars_1_2
D:10:     orc_0_dummy, serial_shops, nicolae_shop_trees, basic_altar,
          minivault_27
D:12:     minmay_guarded_unrand_finisher, uniq_maurice, uniq_sonja
D:14:     lightli_vaults_fourway_checkpoint
D:15:     hangedman_depths_entry_civil_slaughter, serial_shops, shop,
          nicolae_two_hexagons, minmay_misc_feat_more_columns
Temple:   dpeg_chambers_temple
Lair:1:   basic_altar, lab_entry_generic
Lair:2:   elwin_shoals_entry_stream, lemuel_fruit_fields
Lair:3:   regret_index_bee_streams, uniq_fannar
Lair:4:   spider_nest_entry_webs, minivault_19, minmay_hedge_maze
Lair:5:   slime_altar_1
Lair:6:   minmay_lair_end_enchanted_forest, enter_volcano_1,
          infiniplex_staircase_pool_2
Spider:1: hangedman_spider_tarantella_strand, uniq_frances
Spider:2: uniq_arachne
Spider:4: grunt_spider_rune_circles
Orc:1:    portal_ice_cave_demonic_guard, uniq_nergalle
Orc:2:    kennysheep_orc_mage_school, serial_shops, shop
Vaults:1: v_misc_22, nicolae_vaults_big_angled_halls, v_misc_23,
          vaults_standard_mumra_enter_the_diamond, vaults_dpeg_hooks,
          st_hourglassy, vaults_room_pools, nicolae_vaults_shelves_hall,
          serial_shops, shop, uniq_jorgrun

Skill      XL: |  1  2  3  4  5  6  7  8  9 10 11 12 13 14 15 16 17 18 |
---------------+-------------------------------------------------------+-----
Unarmed Combat | 4 5 6 7 8 9 10 11 12 | 12.6
Fighting       | 2 3 4 6 7 9 10 11 12 | 12.1
Transmutations | 3 5 7 8 10 11 | 11.4
Poison Magic   | 1 4 |  4.0
Dodging        | 2 4 5 6 7 8 9 |  9.0
Bows           | 2 5 8 9 11 12 13 14 | 14.9
Invocations    | 2 4 6 7 9 10 11 | 11.0
Spellcasting   | 4 |  4.9
Armour         | 2 5 6 8 |  8.4
Earth Magic    | 3 8 9 |  9.2
Charms         | 3 9 |  9.2

Action                   |  1- 3 |  4- 6 |  7- 9 | 10-12 | 13-15 | 16-18 | 19-21 || total
-------------------------+-------+-------+-------+-------+-------+-------+-------++-------
Melee: Unarmed           |    58 |   117 |   318 |   571 |   696 |   794 |    17 ||  2571
       Headbutt          |     5 |     6 |       |       |       |       |       ||    11
       Punch             |       |       |       |    19 |    60 |   101 |       ||   180
       Constrict         |       |       |       |       |   142 |   174 |     4 ||   320
 Fire: Shortbow          |       |       |    18 |   203 |   382 |   576 |       ||  1179
       Longbow           |       |       |       |       |       |    69 |    17 ||    86
Throw: Stone             |    14 |    51 |       |     1 |       |     4 |       ||    70
 Cast: Beastly Appendage |    14 |    14 |       |       |       |       |       ||    28
       Sticks to Snakes  |     1 |     5 |     1 |     1 |     2 |       |       ||    10
       Spider Form       |     1 |     3 |    35 |    26 |     1 |     1 |       ||    67
       Blade Hands       |       |       |       |    42 |   105 |    86 |     2 ||   235
       Ice Form          |       |       |       |       |     5 |       |       ||     5
       Statue Form       |       |       |       |       |       |     2 |       ||     2
Invok: Bend Time         |       |       |       |     4 |     8 |       |       ||    12
       Slouch            |       |       |       |       |    11 |    19 |     1 ||    31
       Temporal Distorti |       |       |       |       |     1 |     3 |       ||     4
 Abil: Spit Poison       |    13 |    20 |     3 |    20 |     3 |    20 |       ||    79
       End Transformatio |       |       |       |     1 |     4 |    11 |       ||    16
Evoke: Wand              |       |       |       |     1 |       |       |       ||     1
  Use: Scroll            |       |     8 |     5 |    12 |     3 |    13 |       ||    41
       Potion            |       |     6 |       |     1 |       |     6 |       ||    13
 Stab: Distracted        |       |       |     1 |       |     1 |       |       ||     2
       Sleeping          |       |       |       |     1 |       |       |       ||     1
  Eat: Chunk             |     3 |    19 |    15 |    35 |    63 |    58 |       ||   193
Armor: Robe              |    26 |    67 |     1 |    71 |       |       |       ||   165
       Skin              |     1 |     3 |     7 |    25 |    13 |    20 |       ||    69
       Steam dragon scal |       |       |       |    69 |   119 |   374 |       ||   562
       Scale mail        |       |       |       |       |   323 |   162 |       ||   485
       Troll leather arm |       |       |       |       |       |    32 |     8 ||    40
Dodge: Dodged            |    60 |   104 |   269 |   454 |   634 |   852 |     4 ||  2377
